[ AOE2 MATCH · #506257720 ]
UnrankedMaya vs Celts
Player's team · WIN
Rival team · LOSS
[ REPLAY ANALYSIS · EXTRACTED FROM THE RECORDED GAME ]
Feudal
—
Castle
—
Imperial
—
| APM avg | 45.1 |
| APM peak | 67 |
| eAPM avg | 17.0 |
| Villagers / military | 34 / 2 |
Focus
⚔️ 30.1% · 🌾 69.9%
Militia ×2
Feudal
—
Castle
—
Imperial
—
| APM avg | 64.2 |
| APM peak | 98 |
| eAPM avg | 22.1 |
| Villagers / military | 22 / 0 |
Focus
⚔️ 30.6% · 🌾 69.4%
Match map
Initial resources + every placement click. Lines = walls · curves = elevation contours. ◆ gold · ⬟ stone · ● berries · ✦ relic · ◌ wall gap
Your base· Open — opponent sealed themselves in
Pr3mier's base· ✓ Closed at 12:00 · 13t walls · no gate
Smoothed initial terrain · ◌ = detected wall gap · hover for details
Inputs per minute
— scorpion145 - - Pr3mier
Build order — scorpion145
51 actions detected in the replay
| 0:01 | Queue | Villager (Male) |
| 0:02 | Research | Loom |
| 0:05 | Build | House |
| 0:07 | Build | House |
| 0:25 | Queue | Villager (Male) |
| 0:25 | Queue | Villager (Male) |
| 0:25 | Queue | Villager (Male) |
| 0:26 | Queue | Villager (Male) |
| 1:35 | Build | Palisade Wall |
| 1:46 | Build | Palisade Wall |
| 1:52 | Queue | Villager (Male) |
| 2:30 | Queue | Villager (Male) |
| 2:56 | Queue | Villager (Male) |
| 2:56 | Queue | Villager (Male) |
| 3:30 | Queue | Villager (Male) |
| 3:30 | Queue | Villager (Male) |
| 3:46 | Queue | Villager (Male) |
| 3:46 | Queue | Villager (Male) |
| 4:22 | Queue | Villager (Male) |
| 4:24 | Build | House |
| 4:46 | Queue | Villager (Male) |
| 5:09 | Build | Lumber Camp |
| 5:20 | Queue | Villager (Male) |
| 5:51 | Queue | Villager (Male) |
| 6:21 | Queue | Villager (Male) |
| 6:30 | Queue | Villager (Male) |
| 6:52 | Queue | Villager (Male) |
| 7:37 | Queue | Villager (Male) |
| 7:37 | Queue | Villager (Male) |
| 8:18 | Build | House |
| 9:26 | Queue | Villager (Male) |
| 9:26 | Queue | Villager (Male) |
| 9:48 | Queue | Villager (Male) |
| 10:02 | Queue | Villager (Male) |
| 10:03 | Queue | Villager (Male) |
| 10:16 | Queue | Villager (Male) |
| 10:27 | Queue | Villager (Male) |
| 11:12 | Build | Palisade Wall |
| 11:13 | Build | Palisade Wall |
| 11:14 | Build | Palisade Wall |
| 11:26 | Build | Barracks |
| 11:31 | Queue | Villager (Male) |
| 11:33 | Queue | Villager (Male) |
| 11:44 | Build | House |
| 11:49 | Queue | Villager (Male) |
| 11:49 | Queue | Villager (Male) |
| 12:13 | Build | House |
| 12:26 | Build | House |
| 12:36 | Queue | Militia |
| 12:37 | Queue | Militia |
| 12:56 | Queue | Villager (Male) |
Build order — Pr3mier
35 actions detected in the replay
| 0:00 | Queue | Villager (Male) |
| 0:01 | Queue | Villager (Male) |
| 0:02 | Build | House |
| 0:03 | Build | House |
| 0:21 | Queue | Villager (Male) |
| 0:30 | Queue | Villager (Male) |
| 1:33 | Research | Loom |
| 1:38 | Queue | Villager (Male) |
| 2:09 | Queue | Villager (Male) |
| 2:43 | Queue | Villager (Male) |
| 3:09 | Queue | Villager (Male) |
| 3:46 | Queue | Villager (Male) |
| 4:22 | Queue | Villager (Male) |
| 4:29 | Build | Palisade Wall |
| 5:01 | Queue | Villager (Male) |
| 5:50 | Queue | Villager (Male) |
| 6:08 | Build | Palisade Wall |
| 6:11 | Build | Palisade Wall |
| 6:13 | Build | Palisade Wall |
| 6:19 | Queue | Villager (Male) |
| 6:53 | Queue | Villager (Male) |
| 7:15 | Build | Palisade Wall |
| 7:36 | Build | Palisade Wall |
| 7:37 | Build | Palisade Wall |
| 8:28 | Queue | Villager (Male) |
| 8:33 | Build | House |
| 9:30 | Queue | Villager (Male) |
| 9:51 | Build | Mill |
| 10:52 | Queue | Villager (Male) |
| 11:01 | Build | Palisade Wall |
| 11:10 | Queue | Villager (Male) |
| 11:45 | Queue | Villager (Male) |
| 12:08 | Queue | Villager (Male) |
| 12:34 | Queue | Villager (Male) |
| 13:00 | Queue | Villager (Male) |
Match timeline
| 1:35 | scorpion145 · wall_segment Palisade Wall x2 |
| 1:46 | scorpion145 · wall_segment Palisade Wall x9 |
| 4:29 | Pr3mier · wall_segment Palisade Wall x1 |
| 6:08 | Pr3mier · wall_segment Palisade Wall x1 |
| 6:11 | Pr3mier · wall_segment Palisade Wall x1 |
| 6:13 | Pr3mier · wall_segment Palisade Wall x1 |
| 7:15 | Pr3mier · wall_segment Palisade Wall x7 |
| 7:36 | Pr3mier · wall_segment Palisade Wall x1 |
| 7:37 | Pr3mier · wall_segment Palisade Wall x1 |
| 11:01 | Pr3mier · wall_segment Palisade Wall x1 |
| 11:12 | scorpion145 · wall_segment Palisade Wall x1 |
| 11:13 | scorpion145 · wall_segment Palisade Wall x1 |
| 11:14 | scorpion145 · wall_segment Palisade Wall x1 |
| 11:26 | scorpion145 · first_building Barracks |
| 13:43 | Pr3mier · resign |
[ AI ANALYSIS · 1 CREDIT ]
What really happened in this match?
Wolo.gg analyzes every decision: build order, eco, micro, common mistakes by bracket. Personalized analysis on WhatsApp or Discord in 30 seconds.
Civ guide
Maya
Perfil
Jugador #291115